Map: Abyssal Reef LE

Players

Contrajoe - Winner!

  • Race: Terran Terran
  • League: Gold
  • Spawn Location: 11:00

DonChorizo

  • Race: Terran Terran
  • League: Silver
  • Spawn Location: 5:00

VOD

Have the link to the VOD?

Description

Another round of TvT ravens, again following Ketroc's style

Time

  • Played on: April 30, 2017, 12:14 p.m.
  • Length: 17:06
Show
View Real Time Build Order
Export as new Build Order

Contrajoe Terran - Winner!

Build Orders: Command Center First (CC) 

Get SALT Encoding   

  12  0:01  SCV  
  13  0:15  Supply Depot  
  13  0:29  SCV  
  14  0:41  SCV  
  15  0:53  SCV  
  16  1:06  Command Center  
  17  1:11  SCV  
  17  1:20  Engineering Bay  
  17  1:23  SCV, Refinery  
  18  1:35  SCV  
  19  1:44  Refinery  
  19  1:48  SCV  
  20  2:07  SCV  
  21  2:16  Barracks  
  21  2:19  SCV  
  22  2:23  SCV  
  23  2:31  SCV  
  23  2:35  SCV  
  25  2:43  SCV  
  27  2:57  Planetary Fortress  
  25  3:01  Hi-Sec Auto Tracking  
  23  3:22  Marine  
  23  3:25  SCV  
  23  4:01  Planetary Fortress  
  24  4:02  SCV  
  24  4:05  Refinery  
  24  4:07  Refinery  
  24  4:08  Factory  
  24  4:16  SCV  
  25  4:18  Marine  
  26  4:29  SCV  
  27  4:41  SCV  
  27  4:43  Barracks Tech Lab  
  28  4:52  Factory Tech Lab, Starport  
  28  4:55  Starport  
  27  5:12  Siege Tank  
  30  5:14  Barracks Tech Lab  
  30  5:17  Starport  
  30  5:21  Engineering Bay  
  30  5:22  SCV  
  31  5:41  SCV  
  32  5:46  Raven  
  32  5:47  Corvid Reactor  
  34  6:10  Starport Tech Lab  
  34  6:18  Barracks Tech Lab  
  34  6:28  Raven  
  34  6:29  Recalibrated Explosives  
  36  6:36  SCV x2  
  38  6:46  Supply Depot  
  38  6:57  Building Armor  
  38  7:08  SCV x2, Raven  
  42  7:18  Raven  
  42  7:20  SCV x2  
  46  7:32  Supply Depot  
  46  7:53  SCV x2  
  46  7:56  Starport  
  48  8:05  SCV x2  
  48  8:06  Command Center  
  50  8:18  SCV x2  
  52  8:38  Starport Tech Lab  
  52  8:42  Missile Turret  
  52  8:45  Missile Turret  
  52  8:53  SCV x2  
  54  9:08  Supply Depot  
  54  9:09  Supply Depot  
  54  9:17  Raven x3  
  54  9:18  Siege Tank  
  62  9:27  Refinery, Command Center  
  62  9:28  Refinery  
  62  10:14  Refinery  
  62  10:15  Planetary Fortress  
  62  10:16  SCV x2, Missile Turret  
  62  10:18  Refinery, Raven  
  62  10:19  Raven x2  
  70  10:28  SCV  
  70  10:29  SCV  
  70  10:35  Supply Depot  
  72  10:36  Missile Turret  
  72  10:40  SCV  
  72  10:41  SCV  
  74  10:49  Starport  
  74  11:01  Raven x2  
  74  11:02  Raven  
  80  11:07  Planetary Fortress  
  80  11:11  Missile Turret  
  80  11:14  Missile Turret  
  80  11:16  SCV x3  
  80  11:18  Siege Tank  
  86  11:20  Stimpack  
  86  11:28  SCV  
  86  11:30  Starport Tech Lab  
  87  11:38  SCV  
  87  11:39  SCV  
  89  11:43  SCV  
  90  11:59  Raven x3  
  96  12:01  Terran Infantry Weapons Level 1  
  96  12:07  Armory  
  96  12:14  SCV  
  96  12:15  SCV x2  
  95  13:09  Raven x3  
  95  13:10  Raven  
  103  13:15  SCV x4, Starport  
  107  13:27  SCV  
  107  13:29  Supply Depot  
  107  13:31  Supply Depot  
  108  13:40  Factory  
  108  13:42  Supply Depot, Factory  
  108  13:49  Factory  
  108  13:50  SCV x4  
  108  13:52  Missile Turret  
  112  14:03  SCV x4  
  112  14:04  Raven  
  118  14:11  Armory  
  118  14:12  Starport Tech Lab  
  118  14:15  SCV  
  119  14:28  Command Center  
  119  14:29  Missile Turret  
  119  14:37  SCV  
  119  14:38  SCV x3  
  123  14:39  Factory Tech Lab x3  
  123  14:40  Raven x2  
  123  14:41  Raven x2  
  123  14:42  Terran Infantry Weapons Level 2  
  131  14:50  SCV  
  132  14:54  Sensor Tower  
  132  14:58  Refinery  
  132  15:00  Sensor Tower  
  132  15:07  Refinery  
  132  15:08  Supply Depot  
  132  15:29  Thor  
  138  15:39  Thor x2  
  150  15:44  SCV x3  
  150  15:45  SCV  
  150  15:46  Planetary Fortress  
  154  15:56  SCV  
  155  16:13  SCV x2  
  155  16:46  SCV  
Show
View Real Time Build Order
Export as new Build Order

DonChorizo Terran 

Build Orders: Reaper Expand 

Get SALT Encoding   

  12  0:02  SCV  
  13  0:14  SCV  
  14  0:23  Supply Depot  
  14  0:26  SCV  
  15  0:32  Refinery  
  15  0:46  Barracks  
  15  0:50  SCV  
  16  1:02  Supply Depot  
  16  1:03  SCV  
  17  1:15  Barracks  
  17  1:19  SCV  
  18  1:37  Reaper  
  19  1:59  Command Center  
  19  2:03  SCV  
  19  2:04  Marine  
  21  2:17  Orbital Command  
  21  2:20  Barracks Tech Lab  
  21  2:24  Barracks Reactor  
  21  3:00  SCV  
  22  3:08  Marine x2  
  22  3:09  Marauder  
  26  3:29  Marine  
  26  3:30  Marauder, Marine  
  26  3:31  SCV x2  
  31  3:56  Marine x2  
  31  3:57  Marauder  
  35  4:06  SCV  
  36  4:18  SCV  
  37  4:24  Bunker  
  37  4:30  SCV, Refinery  
  38  4:35  Orbital Command  
  38  4:36  Marine x2  
  38  4:37  Marauder  
  42  4:39  Refinery  
  42  4:41  Refinery  
  42  4:42  SCV  
  42  4:44  Factory  
  42  4:45  Factory  
  41  5:05  Marauder, Marine x2  
  45  5:18  SCV  
  45  5:20  Supply Depot  
  46  5:31  Supply Depot, Factory Tech Lab  
  46  5:32  Factory Tech Lab  
  46  5:41  Engineering Bay  
  46  5:42  SCV, Marauder, Marine x2  
  51  5:46  Engineering Bay  
  49  6:08  Marine x2  
  49  6:09  Marauder  
  52  6:20  Siege Tank x2  
  56  6:26  Supply Depot  
  56  6:32  SCV x2  
  58  6:40  Missile Turret  
  58  6:44  SCV x2  
  60  6:48  Missile Turret  
  60  6:56  Missile Turret  
  60  6:59  SCV  
  60  7:00  SCV  
  62  7:02  Stimpack  
  62  7:17  Missile Turret  
  62  7:18  Marine x2  
  62  7:19  Marauder  
  66  7:23  SCV, Missile Turret  
  66  7:24  SCV, Widow Mine  
  70  7:38  Supply Depot  
  70  7:45  Supply Depot  
  70  7:47  Supply Depot  
  70  7:55  Starport  
  70  7:56  Starport  
  70  7:59  Widow Mine  
  70  8:00  SCV x2  
  74  8:12  SCV x2  
  76  8:14  Missile Turret  
  63  8:38  Missile Turret  
  63  8:55  Marine x2  
  63  8:56  Marauder  
  63  8:59  Starport Tech Lab  
  63  9:00  Starport Tech Lab  
  63  9:01  Command Center  
  67  9:09  SCV x2  
  69  9:10  Missile Turret  
  69  9:11  Missile Turret x2  
  69  9:21  SCV  
  69  9:22  Siege Tank  
  69  9:23  Siege Tank  
  70  9:45  Medivac x2  
  58  10:07  Starport x2  
  58  10:12  Armory  
  58  10:15  SCV x2  
  58  10:16  Armory  
  58  10:20  Missile Turret  
  58  10:21  SCV  
  61  10:27  SCV x2  
  64  10:37  Orbital Command  
  64  10:42  SCV x2  
  65  10:45  Terran Infantry Armor Level 1  
  65  10:48  Starport Tech Lab  
  65  10:49  Viking  
  69  10:52  Starport Reactor  
  69  10:55  Viking  
  69  11:03  Marine x2  
  72  11:05  Marauder  
  73  11:12  Banshee  
  73  11:15  Terran Ship Weapons Level 1  
  73  11:18  Terran Vehicle And Ship Armor Level 1  
  76  11:31  Refinery  
  76  11:32  Viking x3  
  82  11:33  Refinery, Viking  
  82  11:39  Missile Turret  
  84  11:44  SCV x3  
  84  11:45  Missile Turret  
  87  11:49  Marine x2  
  89  11:57  Terran Infantry Weapons Level 1  
  89  12:08  Viking x2  
  93  12:13  SCV x2  
  93  12:14  SCV  
  93  12:15  Missile Turret  
  96  12:25  SCV x2  
  96  12:29  High Capacity Fuel Tanks  
  95  12:30  Medivac x2  
  66  12:56  Marine x3  
  53  12:59  Viking x3  
  49  13:07  SCV x3  
  52  13:14  Marine  
  53  13:21  Marine  
  53  13:22  Marine  
  55  13:30  SCV x3  
  58  13:42  SCV  
  59  13:55  SCV x3  
  55  13:56  Fusion Core  
  55  14:00  Missile Turret  
  55  14:02  Missile Turret  
  52  14:05  Factory Reactor, Medivac x3  
  52  14:06  Medivac  
  52  14:07  SCV x2  
  52  14:08  SCV  
  63  14:23  SCV  
  63  14:24  SCV x2  
  66  14:35  SCV  
  66  14:37  Missile Turret  
  67  14:49  Barracks  
  67  14:50  Barracks  
  67  14:57  Battlecruiser x2  
  79  15:00  Battlecruiser  
  85  15:10  Factory Reactor  
  85  15:17  SCV x3  
  85  15:18  Missile Turret, Weapon Refit  
  88  15:26  Missile Turret  
  88  15:29  SCV x3  
  91  15:44  Medivac x2  
  91  15:47  Marine x3  
  91  15:48  Marine x2  
  100  15:55  Ghost Academy  
  95  16:07  Orbital Command, Ghost Academy  
  69  16:33  Marine x2  
  69  16:36  Ghost x2  
Tags
 
Add a new tag
Caveats
  • Supply blocks, unpowered buildings, or Contaminate may cause inaccurate times.
  • Supply counts are checked every 10 seconds.